 Dungeon Crawl Stone Soup version 0.19.5 (webtiles) character file.

59 equalderp2856 the Caller (level 3, -2/14 HPs)
             Began as a Felid Summoner on Apr 1, 2017.
             Slain by Ijyb
             ... wielding a +6 club
              (6 damage)
             ... on level 2 of the Dungeon.
             The game lasted 00:06:58 (2010 turns).

equalderp2856 the Caller (Felid Summoner)           Turns: 2010, Time: 00:06:58

Health: -2/14      AC:  1    Str:  4    XL:     3   Next: 78%
Magic:  6/7        EV: 18    Int: 16    God:
Gold:   127        SH:  0    Dex: 17    Spells: 2 memorised, 4 levels left
                                        Lives:  0   Deaths: 0

rFire  . . .     SeeInvis +     (weapon unavailable)
rCold  . . .     Gourm    .     (armour unavailable)
rNeg   . . .     Faith    .     (shield unavailable)
rPois  .         Spirit   .     (helmet unavailable)
rElec  .         Reflect  .     (cloak unavailable)
rCorr  .         Harm     .     (gloves unavailable)
MR     .....                    (boots unavailable)
Stlth  ++........               (no amulet)
                                (no ring)
                                (no ring)

@: confused, quick
A: no armour, no weapons or thrown items, stealth, claws 1, fangs 3, see
invisible, carnivore 3, speed 1, shaggy fur 1, slow metabolism 1, sharp paws
a: no special abilities


You were on level 2 of the Dungeon.
You were hungry.

You visited 1 branch of the dungeon, and saw 2 of its levels.

You collected 127 gold pieces.

Inventory:

Scrolls
 c - 2 scrolls of immolation {unknown}
 d - 2 scrolls of recharging {unknown}
 f - 2 scrolls of remove curse {unknown}
 h - a scroll of teleportation {unknown}
 i - 2 scrolls of amnesia {unknown}
 j - a scroll of enchant weapon {unknown}
 m - 3 scrolls of identify {unknown}
Potions
 e - 2 potions of degeneration {unknown}
 g - a potion of resistance {unknown}
 k - a potion of flight {unknown}
 l - a potion of curing {unknown}
 n - a potion of cancellation {unknown}
Books
 a - a book of Callings

   Spells                             Type                      Level
   a - Summon Small Mammal            Summoning                    1
   b - Call Imp                       Summoning                    2
   c - Call Canine Familiar           Summoning                    3
   d - Summon Guardian Golem          Hexes/Summoning              3
   e - Summon Lightning Spire         Summoning/Air                4
   f - Summon Ice Beast               Ice/Summoning                4
Comestibles
 b - a meat ration


   Skills:
 + Level 0.2 Fighting
 + Level 3.1 Dodging
 + Level 3.2 Stealth
 + Level 0.8 Unarmed Combat
 + Level 2.6 Spellcasting
 + Level 4.5 Summonings


You had 4 spell levels left.
You knew the following spells:

 Your Spells              Type           Power        Failure   Level  Hunger
a - Summon Small Mammal   Summ           ###.         3%          1    #......
b - Call Imp              Summ           ###.....     6%          2    ##.....


Dungeon Overview and Level Annotations

Branches:
Dungeon (2/15)

Altars:
Hepliaklqana
Kikubaaqudgha
Ru
Trog

Annotations:
D:2 Ijyb, Natasha


Innate Abilities, Weirdness & Mutations

You cannot wear armour.
You are incapable of wielding weapons or throwing items.
Your paws allow you to move quietly. (Stealth)
You have sharp claws.
You have razor-sharp teeth.
You have supernaturally acute eyesight. (SInv)
You are carnivorous and can eat meat at any time.
You cover ground quickly.
You are covered in fur. (AC +1)
You have a slow metabolism.
Your sharp claws are effective at attacking unaware monsters.


Message History

Are you sure you want to stumble around while confused and next to your bat? [Y]es or [N]o only, please.
Are you sure you want to stumble around while confused and next to your bat?
Okay, then.
You're too confused to cast spells.
Are you sure you want to stumble around while confused and next to your bat?
Okay, then.
Are you sure you want to stumble around while confused and next to your bat?
You scratch your bat.
You kill your bat!
Your bat's corpse disappears in a puff of smoke!
Ijyb hits you with an enchanted club.
You're too confused to move!
Unknown command.
You bump into the rock wall.
Ijyb zaps a wand.
Your will is overpowered!
You are more confused.
You bump into the rock wall.
Ijyb hits you with an enchanted club.
* * * LOW HITPOINT WARNING * * *
You bump into the rock wall.
Ijyb hits you with an enchanted club.
You die...

#...'#.#'...##.#..........#
#.8...#.#...8.#............#
#.._..#†# ._..#.#######....#
#.8.8.#.# 8.8.#.. #....#
##...##.## ..##.## #....#
#####...######(. #..... #
#......# #..# #..#.# #
#.####g####..## #..#.# #
######'#....@....... #..#.# #
#........##.####..######..#.# #
#.................... ...#.# #
#.......###.## #...# ## .... #
#.......# #.#####..########.#
#####.......# #..................
............#########...#######.#
##..............................#
#.#........##########.....###.##


You could see Ijyb.

Vanquished Creatures
  A dart slug (D:1)
  2 bats (D:1)
  3 giant cockroaches
  4 goblins
  A hobgoblin (D:2)
  A kobold (D:2)
  A ball python (D:2)
  2 rats
15 creatures vanquished.

Vanquished Creatures (collateral kills)
  Terence (D:2)
  2 adders
  An ooze (D:1)
  2 worms (D:2)
  A leopard gecko (D:1)
  A bat (D:2)
  2 goblins (D:2)
  3 hobgoblins (D:1)
  A frilled lizard (D:1)
  2 kobolds
  A rat (D:1)
17 creatures vanquished.

Grand Total: 32 creatures vanquished

Notes
Turn   | Place    | Note
-------+----------+-------------------------------------------
     0 | D:1      | equalderp2856 the Felid Summoner began the quest for the Orb.
     0 | D:1      | Reached XP level 1. HP: 7/7 MP: 4/4
   163 | D:1      | Reached XP level 2. HP: 10/11 MP: 6/6
   896 | D:2      | Noticed Terence
   907 | D:2      | Noticed Natasha
   910 | D:2      | Noticed a crimson imp
   913 | D:2      | Noticed a crimson imp
  1028 | D:1      | Reached XP level 3. HP: 12/14 MP: 7/7
  1084 | D:2      | Learned a level 2 spell: Call Imp
  1341 | D:2      | Killed Terence
  1956 | D:2      | Found a sacrificial altar of Ru.
  1956 | D:2      | Found a bloodstained altar of Trog.
  1956 | D:2      | Found an ancient bone altar of Kikubaaqudgha.
  1956 | D:2      | Found a hazy altar of Hepliaklqana.
  1979 | D:2      | Noticed Ijyb
  2010 | D:2      | Slain by Ijyb

Skill      XL: |  1  2 |
---------------+-------+-----
Dodging        | 3 |  3.1
Stealth        | 3 |  3.2
Fighting       | |  0.2
Unarmed Combat | |  0.8
Spellcasting   | |  2.6
Summonings     | |  4.5

Action                   || total
-------------------------++-------
Melee: Unarmed           ||    77
       Bite              ||     8
 Cast: Summon Small Mamm ||    33
       Call Imp          ||     9
 Stab: Sleeping          ||     3
  Eat: Chunk             ||     1
Armor: Skin              ||     4
Dodge: Dodged            ||    90
